 Dungeon Crawl Stone Soup version 0.21-a0-364-gbd1fde4 (webtiles) character file.

13 Ordine the Magician (level 2, 0/15 HPs)
             Began as a Deep Elf Wizard on Oct 14, 2017.
             Slain by a gnoll (2 damage)
             ... on level 1 of the Dungeon.
             The game lasted 00:02:02 (351 turns).

Ordine the Magician (Deep Elf Wizard)                Turns: 351, Time: 00:02:02

Health: 0/15       AC:  2    Str:  4    XL:     2   Next: 24%
Magic:  0/9        EV: 13    Int: 22    God:
Gold:   24         SH:  0    Dex: 13    Spells: 7/10 levels left

rFire    . . .     SeeInvis +   e - +0 dagger
rCold    . . .     Gourm    .   (no shield)
rNeg     . . .     Faith    .   a - +0 robe
rPois    .         Spirit   .   b - +0 hat
rElec    .         Reflect  .   (no cloak)
rCorr    .         Harm     .   (no gloves)
MR       .....                  (no boots)
Stlth    ++........             (no amulet)
HPRegen  0.05/turn              g - ring of see invisible
MPRegen  0.11/turn              (no ring)

@: no status effects
A: no striking features
a: no special abilities


You were on level 1 of the Dungeon.
You were not hungry.

You visited 1 branch of the dungeon, and saw 1 of its levels.

You collected 24 gold pieces.

Inventory:

Hand Weapons
 e - a +0 dagger (weapon)
Armour
 a - a +0 robe (worn)
 b - a +0 hat (worn)
Jewellery
 g - a ring of see invisible (left hand)
Scrolls
 f - a scroll of enchant armour {unknown}
 h - a scroll of recharging {unknown}
Books
 c - a book of Minor Magic

   Spells                             Type                      Level
   a - Magic Dart                     Conjuration                  1
   b - Blink                          Translocation                2
   c - Call Imp                       Summoning                    2
   d - Slow                           Hexes                        2
   e - Conjure Flame                  Conjuration/Fire             3
   f - Mephitic Cloud                 Conjuration/Poison/Air       3
Comestibles
 d - 2 bread rations
 i - 2 chunks of flesh


   Skills:
 + Level 2.6 Dodging
 + Level 2.7 Stealth
 + Level 4.5 Spellcasting
 * Level 1.8 Conjurations
   Level 1.1 Summonings
 + Level 1.2 Translocations


You had 7 spell levels left.
You knew the following spells:

 Your Spells              Type           Power        Failure   Level  Hunger
a - Magic Dart            Conj           ##..         4%          1    None
b - Blink                 Tloc           N/A          10%         2    None


Dungeon Overview and Level Annotations

Branches:
Dungeon (1/15)

Altars:


Message History

Confirm with . or Enter, or press ? or * to list all spells.
You don't have enough magic to cast that spell.
Unknown command.
The gnoll hits you.
* * * LOW HITPOINT WARNING * * *
Casting: Magic Dart
Confirm with . or Enter, or press ? or * to list all spells.
Aiming: Magic Dart
Press: ? - help, Shift-Dir - straight line, f/p - gnoll
Aim: a gnoll (severely wounded)
Okay, then.
Casting: Magic Dart
Confirm with . or Enter, or press ? or * to list all spells.
Aiming: Magic Dart
Press: ? - help, Shift-Dir - straight line, f/p - gnoll
Aim: a gnoll (severely wounded)
The magic dart hits the gnoll.
The gnoll is almost dead.
The gnoll hits you.
You die...

...........#.....................
....#....†##.....................
.....#....##.....................
#....#....##........#............
.....#....##........#....###.....
#...#.....##.............# #.....
....#.....#######........# #.....
....#.....#####..........###.....
..........#...rg@.....♣...##.....
..#.........#..#.....P♣......####
#.#........#..........)......#
......###..#.^.#................
...##......####..####............
..####...........# #............
.##.##...........####...#####..##
..##.....##.###............. ).#
........#.....##.....#....# ..#


You could see a gnoll and a rat.

Vanquished Creatures
  A bat (D:1)
  A giant cockroach (D:1)
  2 goblins (D:1)
  A hobgoblin (D:1)
  3 jackals (D:1)
  A kobold (D:1)
  A frilled lizard (D:1)
10 creatures vanquished.

Notes
Turn   | Place    | Note
-------+----------+-------------------------------------------
     0 | D:1      | Ordine the Deep Elf Wizard began the quest for the Orb.
     0 | D:1      | Reached XP level 1. HP: 10/10 MP: 7/7
   171 | D:1      | Reached XP level 2. HP: 15/15 MP: 2/9
   262 | D:1      | Learned a level 2 spell: Blink
   351 | D:1      | Slain by a gnoll

Vault maps used:
D:1:      erik_arrival_blinker_ship, serial_park_tiny_1

Action                   || total
-------------------------++-------
 Cast: Magic Dart        ||    31
Dodge: Dodged            ||     3

Table legend:
 A = Spawn XP
 B = Non-spawn XP
 C = Spawn XP percentage of total XP
 D = Spawn monster count
 E = Non-spawn monster count
 F = Spawn count percentage of total count
 G = Total turns spent on level
                    A         B        C        D         E        F      G
               +---------+---------+-------+---------+---------+-------+---------
         Total |       0 |      19 |   0.0 |       0 |      10 |   0.0 |   351
               +---------+---------+-------+---------+---------+-------+---------
           D:1 |       0 |      19 |   0.0 |       0 |      10 |   0.0 |   351
               +---------+---------+-------+---------+---------+-------+---------
